 Dungeon Crawl Stone Soup version 0.24.1-11-gbbbb2193e6 (webtiles) character file.

Game seed: 8961574635572394404, levelgen mode: deterministic

108 Hugehornet the Insei (level 4, -1/28 HPs)
             Began as an Octopode Transmuter on May 13, 2020.
             Slain by an adder (3 damage)
             ... on level 2 of the Dungeon.
             The game lasted 00:03:13 (2670 turns).

Hugehornet the Insei (Octopode Transmuter)          Turns: 2670, Time: 00:03:14

Health: -1/28      AC:  1    Str:  9    XL:     4   Next: 87%
Magic:  2/8        EV: 13    Int: 16    God:
Gold:   45         SH:  0    Dex: 12    Spells: 3/9 levels left

rFire    . . .     SeeInvis .     - Unarmed
rCold    . . .     Gourm    .   (no shield)
rNeg     . . .     Faith    .   (helmet restricted)
rPois    .         Spirit   .   (no amulet)
rElec    .         Reflect  .   (no ring)
rCorr    .         Harm     .   (no ring)
MR       .....                  (no ring)
Stlth    ++........             (no ring)
HPRegen  0.09/turn              (no ring)
MPRegen  0.11/turn              (no ring)
                                (no ring)
                                (no ring)

@: appendage, very slightly contaminated
A: almost no armour, stealthy swim, amphibious, 8 rings, constrict 8, tentacle
spike 3, camouflage 1, gelatinous body 1
a: End Transformation


You were on level 2 of the Dungeon.
You were not hungry.
One of your tentacles had a temporary spike.
You visited 1 branch of the dungeon, and saw 2 of its levels.

You collected 45 gold pieces.

Inventory:

Missiles
 a - 22 arrows
Jewellery
 d - an uncursed ring of protection from cold {unknown}
Scrolls
 b - 2 scrolls of remove curse
 g - a scroll of magic mapping {unknown}
 j - a scroll of enchant armour {unknown}
 k - 2 scrolls of enchant weapon {unknown}
 l - 3 scrolls of blinking {unknown}
 n - a scroll of identify
Potions
 e - a potion of cancellation {unknown}
 f - 4 potions of curing
 h - a potion of berserk rage {unknown}
 i - 2 potions of heal wounds {unknown}
 m - a potion of agility {unknown}
Comestibles
 c - 2 rations


   Skills:
 - Level 1.0 Fighting
 - Level 2.0 Dodging
 + Level 3.3 Unarmed Combat
 + Level 3.0 Spellcasting
 * Level 3.1 Transmutations
 + Level 2.3 Poison Magic


You had 3 spell levels left.
You knew the following spells:

 Your Spells              Type           Power        Failure   Level  Hunger
a - Beastly Appendage     Tmut           ##....       5%          1    #......
b - Sticks to Snakes      Tmut           ##......     8%          2    ##.....
c - Spider Form           Tmut/Pois      ##........   19%         3    ###....

Your spell library contained the following spells:

 Spells                   Type           Power        Failure   Level  Hunger
 Ice Form                 Ice/Tmut       #.......     69%         4    #####..
 Blade Hands              Tmut           ##........   82%         5    ######.


Dungeon Overview and Level Annotations

Branches:
Dungeon (2/15)

Altars:
Makhleb


Innate Abilities, Weirdness & Mutations

You cannot wear most types of armour.
You are very stealthy in the water. (Stealth+)
You are amphibious.
You can wear up to eight rings at the same time.
You can use your tentacles to constrict eight enemies at once.
Your skin changes colour to match your surroundings (Stealth+).
Your rubbery body absorbs attacks. (AC +1, EV +1)
One of your tentacles bears a large vicious spike.


Message History

Confirm with . or Enter, or press ? or * to list all spells.
You miscast Spider Form.
You are very lightly contaminated with residual magic.
You smell something strange.
The gnoll hits you.
You kill the gnoll!
The adder bites you. The adder bites you.
* * * LOW HITPOINT WARNING * * *
Casting: Spider Form (safe; 19% risk of failure)
Confirm with . or Enter, or press ? or * to list all spells.
One of your tentacles grows a vicious spike.
The adder bites you.
* * * LOW HITPOINT WARNING * * *
You closely miss the adder. Your grab misses the adder. The adder bites you.
* * * LOW HITPOINT WARNING * * *
You tentacle-slap the adder. Your grab misses the adder.
Your tentacle spike misses the adder.
Your squeeze misses the adder.
The adder is moderately wounded.
The adder bites you.
You die...

#g# #.############
#.##............#
#.?[.g.########.#
######.# #.# #.# #.# ##
#.# ######.# ###.
#g###......### #.#.
#..S@........#+#.#..#
#####.########......# #.#
##.#..#. #########.#
###.#..#
#...†..÷#.########.##.#..
#.#####..........#..##.#.
#.# ###.#########..##.#
#.# #.# #....##. #.# #.#
#.##..##


You could see a gnoll and an adder.

Vanquished Creatures
  A hound (D:2)
  A gnoll (D:2)
  An adder (D:2)
  An ooze (D:2)
  A leopard gecko (D:1)
  2 giant cockroaches
  7 goblins
  7 hobgoblins
  8 jackals (D:2)
  5 kobolds
  A ball python (D:2)
  3 bats
  7 frilled lizards
  7 rats
52 creatures vanquished.

Notes
Turn   | Place    | Note
-------+----------+-------------------------------------------
     0 | D:1      | Hugehornet the Octopode Transmuter began the quest for the
                  | Orb.
     0 | D:1      | Reached XP level 1. HP: 13/13 MP: 3/3
   521 | D:1      | Reached XP level 2. HP: 14/18 MP: 3/5
   603 | D:1      | Learned a level 2 spell: Sticks to Snakes
  1504 | D:2      | Reached XP level 3. HP: 15/23 MP: 4/6
  1528 | D:2      | Learned a level 3 spell: Spider Form
  1799 | D:2      | Reached skill level 1 in Poison Magic
  2178 | D:2      | Reached XP level 4. HP: 28/28 MP: 6/8
  2270 | D:2      | Found a burning altar of Makhleb.
  2670 | D:2      | Slain by an adder

Levels and vault maps discovered:
D:1:      dpeg_arrival_long_road, layout_loops_corners
D:2:      minmay_razor_zed, layout_loops_ring, makhleb_heckhound_becter,
          nicolae_gozag_cash_rules_everything_around_me, minmay_lizard_pond

Skill      XL: |  1  2  3  4 |
---------------+-------------+-----
Transmutations | 3 |  3.1
Poison Magic   | 1 2 |  2.3
Spellcasting   | 3 |  3.0
Fighting       | |  1.0
Dodging        | |  2.0
Unarmed Combat | |  3.3

Action                   |  1- 3 |  4- 6 || total
-------------------------+-------+-------++-------
Melee: Unarmed           |    85 |    35 ||   120
       Constrict         |    20 |     8 ||    28
       Kick              |    14 |     8 ||    22
       Tentacles         |    12 |     1 ||    13
       Punch             |     1 |     1 ||     2
 Cast: Beastly Appendage |    28 |     5 ||    33
       Spider Form       |       |     1 ||     1
  Use: Scroll            |     2 |       ||     2
 Stab: Sleeping          |     7 |       ||     7
  Eat: Chunk             |     4 |     2 ||     6
Armor: Skin              |     4 |     1 ||     5
Dodge: Dodged            |    72 |    16 ||    88
